 Dungeon Sprint DCSS version 0.23-a0-635-g88ca12a (webtiles) character file.

120 galech the Covered (level 4, -6/39 HPs)
             Began as a Demonspawn Fighter on Dec 27, 2018.
             Was an Initiate of Okawaru.
             Mangled by a two-headed ogre
             ... wielding a +0 giant spiked club
              (8 damage)
             ... in the Dungeon (Sprint IX: "|||||||||||||||||||||||||||||").
             The game lasted 00:01:06 (291 turns).

galech the Covered (Demonspawn Fighter)              Turns: 291, Time: 00:01:07

Health: -6/39      AC: 16    Str: 16    XL:     4   Next: 75%
Magic:  4/4        EV:  3    Int: 10    God:    Okawaru [......]
Gold:   0          SH:  9    Dex: 13    Spells: 3/3 levels left

rFire    . . .     SeeInvis .   a - +0 war axe
rCold    . . .     Gourm    .   c - +0 shield
rNeg     . . .     Faith    .   t - +0 plate armour
rPois    .         Spirit   .   (no helmet)
rElec    .         Reflect  .   s - +0 cloak
rCorr    .         Harm     .   r - +0 pair of gloves
MR       .....     NoTele   +   (no boots)
Stlth    ..........             (no amulet)
HPRegen  0.13/turn              u - +2 ring of protection
MPRegen  0.09/turn              (no ring)

@: hasted, very quick
A: nightstalker 1, powered by pain 1
a: Renounce Religion


You were in the Dungeon.
You worshipped Okawaru.
Okawaru was noncommittal.
You were not hungry.

You visited 1 branch

Inventory:

Hand Weapons
 a - a +0 war axe (weapon)
 q - a +3 war axe of chopping
Armour
 c - a +0 shield (worn)
 r - a +0 pair of gloves (worn)
 s - a +0 cloak (worn)
 t - a +0 plate armour (worn)
Jewellery
 u - a +2 ring of protection (left hand)
 v - a +3 ring of intelligence
Wands
 o - a wand of acid (10)
Scrolls
 k - 2 scrolls of blinking
 m - 3 scrolls of remove curse
 n - 2 scrolls of amnesia
Potions
 d - a potion of invisibility
 e - 5 potions of curing
 g - 3 potions of heal wounds
 i - 4 potions of magic
 j - a potion of berserk rage
Comestibles
 f - a ration
 l - 6 chunks of flesh


   Skills:
 + Level 5.3 Fighting
 + Level 4.3 Axes
 + Level 5.4 Armour
 + Level 5.1 Shields


You had 3 spell levels left.
You didn't know any spells.
Your spell library was empty.

Dungeon Overview and Level Annotations

Branches:
Dungeon (1/1)

Altars:
Cheibriados
Dithmenos
Elyvilon
Fedhas
Gozag
Hepliaklqana
Kikubaaqudgha
Makhleb
Nemelex Xobeh
Okawaru
Qazlal
Ru
Sif Muna
Trog
Uskayaw
Vehumet
Wu Jian
Xom
Yredelemnul
Zin
The Shining One
Beogh
Jiyva
Lugonu


Innate Abilities, Weirdness & Mutations

You are slightly more attuned to the shadows.
You sometimes gain a little power by taking damage.


Message History

You are too injured to fight recklessly!
You are too injured to fight recklessly!
You are too injured to fight recklessly!
You are too injured to fight recklessly!
You are too injured to fight recklessly!
You are too injured to fight recklessly!
You are too injured to fight recklessly!
You are too injured to fight recklessly!
You are too injured to fight recklessly!
You slash the two-headed ogre!
The two-headed ogre is moderately wounded.
You hit the two-headed ogre.
The two-headed ogre is moderately wounded.
You block the two-headed ogre's attack.
The two-headed ogre hits you with a +0 giant spiked club!
* * * LOW HITPOINT WARNING * * *
You hit the two-headed ogre.
The two-headed ogre is moderately wounded.
The two-headed ogre hits you with a +0 giant spiked club!
You die... ▓▓▓▓▓▓▓▓▓▓▓▓▓▓▓▓▓▓▓▓▓▓▓ .osZYO@|....)...'______ ▓▓▓▓▓▓▓▓▓▓▓▓▓▓▓▓▓▓▓▓▓▓▓

You could see a two-headed ogre, a yak, an orc warrior, a scorpion and a bat zombie.

Vanquished Creatures
  An ogre (D)
  An orc wizard (D)
  A bat (D)
  A goblin (D)
  2 jackals (D)
  A quokka (D)
  A frilled lizard (D)
  A leopard gecko skeleton (D)
  2 rats (D)
11 creatures vanquished.

Notes
Turn   | Place    | Note
-------+----------+-------------------------------------------
     0 | D        | galech the Demonspawn Fighter began the quest for the Orb.
     0 | D        | Reached XP level 1. HP: 18/18 MP: 1/1
    66 | D        | Noticed an orc wizard
    66 | D        | Noticed an ogre
    72 | D        | Killed an orc wizard
    72 | D        | Gained mutation: You sometimes gain a little power by
                  | taking damage. [demonic ancestry]
    72 | D        | Reached XP level 2. HP: 19/25 MP: 2/2
    72 | D        | Reached XP level 3. HP: 23/30 MP: 3/3
    78 | D        | Killed an ogre
    78 | D        | Reached skill level 5 in Fighting
    78 | D        | Reached skill level 5 in Armour
    78 | D        | Reached skill level 5 in Shields
    78 | D        | Gained mutation: You are slightly more attuned to the
                  | shadows. [demonic ancestry]
    78 | D        | Reached XP level 4. HP: 21/39 MP: 4/4
   214 | D        | Found a roughly hewn altar of Beogh.
   214 | D        | Found a snail-covered altar of Cheibriados.
   214 | D        | Found a shadowy altar of Dithmenos.
   214 | D        | Found a white marble altar of Elyvilon.
   214 | D        | Found a blossoming altar of Fedhas.
   215 | D        | Found an opulent altar of Gozag.
   216 | D        | Found a hazy altar of Hepliaklqana.
   217 | D        | Found a viscous altar of Jiyva.
   218 | D        | Found an ancient bone altar of Kikubaaqudgha.
   219 | D        | Found a corrupted altar of Lugonu.
   220 | D        | Found a burning altar of Makhleb.
   221 | D        | Found a sparkling altar of Nemelex Xobeh.
   222 | D        | Found an iron altar of Okawaru.
   223 | D        | Found a stormy altar of Qazlal.
   224 | D        | Found a sacrificial altar of Ru.
   225 | D        | Found a deep blue altar of Sif Muna.
   226 | D        | Found a bloodstained altar of Trog.
   227 | D        | Found a hide-covered altar of Uskayaw.
   228 | D        | Found a radiant altar of Vehumet.
   229 | D        | Became a worshipper of Warmaster Okawaru
   230 | D        | Found an ornate altar of the Wu Jian Council.
   231 | D        | Found a shimmering altar of Xom.
   232 | D        | Found a basalt altar of Yredelemnul.
   233 | D        | Found a glowing silver altar of Zin.
   234 | D        | Found a glowing golden altar of the Shining One.
   285 | D        | Noticed a yak
   285 | D        | Noticed a two-headed ogre
   288 | D        | Noticed an orc warrior
   291 | D        | Mangled by a two-headed ogre

Vault maps used:
D:        linesprint

Skill      XL: |  1  2  3 |
---------------+----------+-----
Armour         | 4 5 |  5.4
Shields        | 4 5 |  5.1
Axes           | 2 4 |  4.3
Fighting       | 4 5 |  5.3

Action                   |  1- 3 |  4- 6 || total
-------------------------+-------+-------++-------
Melee: War axe           |    23 |     5 ||    28
  Use: Potion            |     1 |     1 ||     2
Armor: Scale mail        |     5 |       ||     5
       Plate armour      |       |     1 ||     1
Dodge: Dodged            |     5 |       ||     5
Block: Shield            |     8 |     3 ||    11

Table legend:
 A = Non-vault XP
 B = Vault XP
 C = Vault XP percentage of total XP
 D = Non-vault monster count
 E = Vault monster count
 F = Vault count percentage of total count
                 A         B        C        D         E       F
            +---------+---------+-------+---------+---------+-------
      Total |       0 |     172 | 100.0 |       0 |      11 | 100.0
            +---------+---------+-------+---------+---------+-------
          D |       0 |     172 | 100.0 |       0 |      11 | 100.0
            +---------+---------+-------+---------+---------+-------
